AoeStats
← NPG | Shimishi Maki

African Clearing

506010489Analyzed
4v4 RM · 20d ago on Sep 12, 2026· 30m 1s· 8 players
Game mode
Random Map
Map size
Large (8 player)
Population
200
Speed
Normal
Resources
Standard
Victory
Conquest
Starting age
Dark Age
Ending age
Imperial Age
RankedLock teamsTeams togetherTeam positionsShared explorationLock speedFull tech treeHidden civsTurbo modeCheats
Victory
Defeat
🇯🇵 Tupi · Japan
1559
+14
🇺🇸 Mongols · United States
1505
+16
🇺🇸 Koreans · United States
1458
+18
🇺🇸 Slavs · United States
1441
+19
1690
-24
🇨🇱 Japanese · Chile
1474
-15
🇦🇷 Wei · Argentina
1455
-15
🇨🇱 Vietnamese · Chile
1411
-13
hoffypianoman
12:57 Feudal Age
11:33 Loom
13:19 Feudal Age
17:10 Castle Age
15:37 Fletching
15:46 Double-Bit Axe
18:37 Bodkin Arrow
19:15 Bow Saw
23:58 Elite Skirmisher
26:13 Crossbowman
29:33 Horse Collar
yu_k1
11:20 Loom
13:24 Feudal Age
17:41 Castle Age
15:43 Double-Bit Axe
16:42 Horse Collar
21:09 Fletching
24:35 Bodkin Arrow
27:42 Bow Saw
28:31 Padded Archer Armor
30:59 Wheelbarrow
Gideon the Hero
3:35 Loom
14:15 Feudal Age
15:07 Double-Bit Axe
16:01 Wheelbarrow
18:15 Horse Collar
20:03 Scale Barding Armor
23:56 Bloodlines
28:28 Castle Age
27:52 Forging
28:31 Light Cavalry
29:12 Husbandry
30:15 Chain Barding Armor
bcda
9:07 Loom
10:52 Feudal Age
14:37 Fletching
14:34 Double-Bit Axe
18:08 Padded Archer Armor
26:08 Castle Age
24:00 Gold Mining
23:55 Horse Collar
26:28 Crossbowman
27:04 Bodkin Arrow
28:34 Bow Saw
29:12 Town Watch
29:31 Town Watch
Deportes Linares
7:50 Loom
13:33 Feudal Age
17:23 Fletching
17:47 Horse Collar
25:16 Castle Age
26:41 Wheelbarrow
NPG | DR@CA
12:17 Loom
14:51 Feudal Age
14:55 Man-at-Arms
15:31 Double-Bit Axe
16:06 Horse Collar
17:00 Arson
21:10 Castle Age
20:13 Fletching
21:20 Bloodlines
23:13 Bodkin Arrow
23:56 Town Watch
30:05 Padded Archer Armor
Ginger Ale
6:18 Loom
13:18 Feudal Age
13:53 Double-Bit Axe
16:42 Scale Barding Armor
17:28 Forging
22:52 Castle Age
21:23 Bloodlines
23:09 Light Cavalry
24:42 Wheelbarrow
24:40 Husbandry
24:53 Bow Saw
25:13 Gold Mining
27:27 Iron Casting
28:02 Gold Shaft Mining
28:34 Horse Collar
NPG | Shimishi Maki
6:27 Loom
12:08 Feudal Age
13:11 Double-Bit Axe
15:30 Fletching
24:22 Castle Age
23:05 Padded Archer Armor
24:28 Crossbowman
26:00 Bodkin Arrow
Connection lost

Rejoining the realm…

Still unreachable

The connection could not be restored.

Session expired

The server has moved on; the page needs a fresh start.